[Event "13th Palmanova Festival A 2024"]
[Site "Palmanova"]
[Date "2024.12.28"]
[Round "2.1"]
[White "Solomon, Kenny"]
[Black "Martinovici, Ilia"]
[Result "1/2-1/2"]
[ECO "D37"]
[WhiteElo "2277"]
[BlackElo "2473"]
[Annotator "TA"]
[PlyCount "84"]
[EventDate "2024.12.27"]
[EventCountry "ITA"]
[SourceTitle "playchess.com"]
[Source "ChessBase"]
[SourceQuality "1"]
[TimeControl "6000+30"]

1. d4 d5 2. Nf3 e6 3. c4 a6 4. cxd5 exd5 5. Nc3 Nf6 6. Bg5 Be6 7. e3 Nbd7 8. Bd3 Bd6 9. h3 c6 10. O-O O-O 11. Bf4 Qb8 12. Bxd6 Qxd6 13. Qb3 Rfc8 14. Rfc1 (14. Qxb7 $2 Rcb8 $19) 14... c5 15. dxc5 (15. Qxb7 $2 {is the wrong capture.} Rcb8 $19) 15... Nxc5 16. Qb4 b5 17. Ne2 Nfe4 18. Qd4 Nxd3 19. Qxd3 Qb4 20. Qd4 Rc4 21. Qe5 Re8 22. b3 f6 23. Qb2 Rec8 24. Nfd4 (24. Rab1 {simplifies} Rxc1+ 25. Rxc1 Rxc1+ 26. Qxc1 Qc5 27. Qe1) 24... Bd7 25. a3 Rxc1+ 26. Rxc1 Rxc1+ 27. Qxc1 Qd6 28. Nf4 Nc5 29. b4 Na4 30. Nd3 {[%emt 0:01:36] Excellent horsemanship.} Nb6 31. Qc5 Qxc5 32. Nxc5 $16 {[%emt 0:02:11][%mdl 4096] Endgame. KBN-KNN} Bc8 33. Nc6 Kf7 {[%emt 0:01:06] Prevents Ne7} 34. Na7 {[%emt 0:00:00] White is more active.} Bd7 35. Nxa6 {[%emt 0:00:24] Strongly threatening Nc7.} Nc4 36. Nc5 Be8 37. Nc8 Nxa3 38. Nd6+ Ke7 39. Nf5+ Kf7 40. Nd6+ Ke7 41. Nf5+ Kf7 42. Nd4 Ke7 {[%emt 0:00:00] Weighted Error Value: White=0.07 (flawless) /Black=0.05 (flawless) .  Inaccurate:     	---       	Black=1      OK:         	White=15    	Black=16     Best:        	---       	Black=5} 1/2-1/2

[Event "13th Palmanova Festival A 2024"]
[Site "Palmanova"]
[Date "2024.12.28"]
[Round "2.2"]
[White "Reza, Wojciech"]
[Black "Domalchuk-Jonasson, Aleksandr"]
[Result "0-1"]
[ECO "E32"]
[WhiteElo "2227"]
[BlackElo "2377"]
[Annotator "TA"]
[PlyCount "76"]
[EventDate "2024.12.27"]
[EventCountry "ITA"]
[SourceTitle "playchess.com"]
[Source "ChessBase"]
[SourceQuality "1"]
[TimeControl "6000+30"]

1. d4 Nf6 2. c4 e6 3. Nc3 Bb4 4. Qc2 d6 5. e3 O-O 6. Bd3 c5 7. a3 Bxc3+ 8. Qxc3 {[%emt 0:00:14] The position is equal.} b6 9. Ne2 Bb7 10. O-O Nbd7 11. b4 Qe7 12. Bb2 Rac8 13. dxc5 dxc5 14. Rfd1 Rfd8 15. Ng3 (15. f3 {keeps more tension.} Ne8 16. b5 Qg5 17. Kh1) 15... Qf8 16. b5 a6 17. bxa6 Bxa6 18. Rab1 Bb7 19. Ba1 Ra8 20. h4 Ra6 (20... Ne8 {is more complex.} 21. Nh5 f6 22. Bc2 Qe7) 21. Rd2 Raa8 22. Rbd1 Qe7 {[%emt 0:00:45] [#]} 23. Ne4 Kf8 (23... Bc6 $5) 24. Bc2 Bc6 (24... Nxe4 $2 25. Qxg7+ Ke8 26. Rxd7 Rxd7 27. Qh8+ (27. Qxh7 $2 Rxd1+ 28. Bxd1 f6 $19) 27... Qf8 28. Qxf8+ (28. Qxh7 $2 Rxd1+ 29. Bxd1 Nd6 $19) 28... Kxf8 29. Rxd7 Rxa3 30. Be5 $18 (30. Bb2 Ra2 $18)) (24... Bxe4 $11 25. Bxe4 Nxe4 26. Qxg7+ Ke8 27. Rxd7 Rxd7 28. Qh8+ Qf8 29. Qxf8+ Kxf8 30. Rxd7 Rxa3) 25. Nd6 Kg8 {[%emt 0:02:11] [#]} 26. Be4 Bxe4 $14 27. Nxe4 Ne8 28. h5 $36 {[%emt 0:01:10][%mdl 2048] White is more active.} h6 29. Qb3 f5 (29... Ndf6 $11 30. Nxf6+ (30. Qxb6 Rxd2 31. Nxd2 Rd8 $11) 30... Nxf6) 30. Nd6 $16 {[%emt 0:00:28] aiming for Nb7.} Nef6 {[%emt 0:00:35] [#]} (30... Nf8 $16 31. Nxe8 (31. Qxb6 Nxd6 32. Rxd6 Rxd6 $16) 31... Rxe8) 31. Bxf6 $2 (31. Qb5 $1 $18 {Threatens to win with Nb7.} Rab8 32. Qc6) 31... Nxf6 $11 32. Qxb6 {[%emt 0:00:05][%cal Od6f5] And now Nxf5! would win.} Rd7 (32... Qa7 $11 33. Qc6 Qxa3) 33. Qxc5 Rad8 (33... Rda7 $16 {is a better defense.} 34. Qd4 Rxa3) 34. Qb4 Ng4 35. c5 {[%emt 0:00:54] Strongly threatening c6.} Qh4 36. Qf4 {[%emt 0:00:18] Inhibits Qh2+.} e5 37. Nxf5 $4 ({And not} 37. Qxf5 Qh2+ 38. Kf1 Nxe3+ 39. fxe3 Rf8 $11) (37. Qf3 $18 Qh2+ 38. Kf1 Qxh5 39. Ke2 (39. Qxf5 $2 {is the wrong capture.} Qxf5 40. Nxf5 Rxd2 $19)) 37... exf4 $19 38. Nxh4 Rxd2 {[%emt 0:00:04] What a bad dream for White.   Weighted Error Value: White=0.42/Black=0.32.  Missed win:     	White=1     	---        Mistake:       	White=3     	Black=5      Inaccurate:     	White=4     	Black=6      OK:         	White=8     	Black=8      Best:        	White=2     	Black=3} 0-1

[Event "13th Palmanova Festival A 2024"]
[Site "Palmanova"]
[Date "2024.12.28"]
[Round "2.3"]
[White "Dobrovoljc, Vid"]
[Black "Javornik, Nik"]
[Result "1-0"]
[ECO "A38"]
[WhiteElo "2365"]
[BlackElo "2300"]
[Annotator "TA"]
[PlyCount "55"]
[EventDate "2024.12.27"]
[EventCountry "ITA"]
[SourceTitle "playchess.com"]
[Source "ChessBase"]
[SourceQuality "1"]
[TimeControl "6000+30"]

1. Nf3 c5 2. c4 g6 3. Nc3 Bg7 4. g3 Nf6 5. Bg2 O-O 6. O-O Nc6 7. d3 e6 8. d4 cxd4 9. Nxd4 d5 10. cxd5 Nxd4 11. Qxd4 Nxd5 12. Qc4 Nxc3 13. bxc3 Qa5 {[%emt 0:06:15] Prevents Ba3} 14. Rb1 Rb8 15. Rb5 {[%emt 0:19:27] Dodges b6} Qxc3 16. Qxc3 Bxc3 17. Bf4 {[%emt 0:00:40] [#]} e5 $1 18. Bxe5 Bxe5 19. Rxe5 b6 20. Re7 a5 21. Bd5 {[%emt 0:00:17] Prevents Be6} Kg7 ({Black should play} 21... Bh3 $14) 22. Rc1 $16 Kf6 23. Rcc7 {[%emt 0:00:53][%cal Rd5f7] White is much more active.} h5 $2 (23... Be6 $16 24. Bxe6 fxe6) 24. Bxf7 $18 (24. Rxf7+ Rxf7 25. Bxf7 (25. Rxf7+ Ke5 $16) 25... Rb7 26. Rxc8 Kxf7 $16) 24... b5 25. f4 a4 $2 (25... Rb7 26. Rxb7 Bxb7 27. Rxb7 Rxf7 28. Rb6+ (28. Rxb5 a4 $18) 28... Kg7 29. Rxb5 a4) 26. h4 $2 (26. Bd5 {Rf7+ would kill now.} g5 27. e4 gxf4 28. gxf4) 26... Rd8 $2 (26... Rb6 27. Kf2 Be6 28. Bxe6 Rxe6) 27. e4 {[%emt 0:00:32] Bd5 is the strong threat.} b4 28. Bc4 1-0

[Event "13th Palmanova Festival A 2024"]
[Site "Palmanova"]
[Date "2024.12.28"]
[Round "2.4"]
[White "Mizzi, Jack"]
[Black "Bettalli, Francesco"]
[Result "0-1"]
[ECO "A81"]
[WhiteElo "2097"]
[BlackElo "2359"]
[Annotator "TA"]
[PlyCount "68"]
[EventDate "2024.12.27"]
[EventCountry "ITA"]
[SourceTitle "playchess.com"]
[Source "ChessBase"]
[SourceQuality "1"]
[TimeControl "6000+30"]

1. d4 f5 2. Nf3 Nf6 3. g3 e6 4. Bg2 Be7 5. O-O Ne4 6. c4 d5 7. Qc2 c6 8. Nc3 Nd7 9. cxd5 exd5 10. Bf4 Bf6 11. Ne5 {[%emt 0:05:34][%cal Oe5c6] and Nxc6! would now be decisive} g5 12. Nxe4 fxe4 13. Nxd7 (13. Nxc6 {looks sharper.} bxc6 14. Qxc6 gxf4 15. Qxa8 Nb6 16. Qxa7 Bxd4 17. Rad1) 13... gxf4 (13... Qxd7 14. Be5 Bxe5 15. dxe5) 14. Ne5 Bxe5 15. dxe5 Qg5 16. Qc3 O-O ({Black should try} 16... Be6 $17 17. gxf4 Qxf4) 17. f3 $15 e3 18. Rad1 ({White should play} 18. gxf4 $1 $15 Rxf4 19. Qxe3) 18... fxg3 $17 19. hxg3 Qxg3 {[%emt 0:00:09] ( -> ...Bh3)} 20. Qxe3 Re8 $40 {[%emt 0:00:11][%mdl 128] Black is out for blood.} 21. Qf2 Qxe5 {[%emt 0:01:31] Black is more active.} 22. e4 dxe4 23. fxe4 Be6 {[%emt 0:00:34][%cal Oe8f8] Against Qf7+} 24. Qh4 (24. Rd3 $17 {keeps fighting.}) 24... Kh8 25. Rd7 $2 (25. Qf6+ $17 Qxf6 26. Rxf6) 25... Bxd7 $19 26. Rf7 {[%emt 0:00:08][%csl Gf7][%cal Rh4h7] [#]} h5 $1 27. Rxd7 Rg8 (27... Qxb2 28. Qxh5+ Kg8 29. Qh7+ Kf8 30. Qf7#) 28. Re7 Rg4 ({Inferior is} 28... Qxb2 29. Qxh5#) (28... Qd4+ $142 29. Kh2 Rxg2+ (29... Qxb2 30. Qxh5#) 30. Kxg2 Rg8+ (30... Qxb2+ $2 31. Kh3 $19) 31. Kf3 Rf8+ (31... Qxb2 32. Qxh5#) 32. Kg2 Qd2+ (32... Qxb2+ $2 33. Kg1 $19) 33. Kh3 Rf3+ (33... Qxb2 34. Qxh5+ Kg8 35. Qh7#) 34. Qg3 Rxg3+ 35. Kxg3 Qg5+ (35... Qxb2 $2 36. Rf7 $19) 36. Kf3 Qf6+ (36... Qxe7 $2 37. b4 $19) 37. Ke3 Qxe7 38. e5 Qxe5+ 39. Kf3 h4 (39... Qxb2 {is a self mate.} 40. Kg3 Qe2 41. a4 Qe3+ 42. Kg2 h4 43. Kf1 h3 44. a5 Qd2 45. a6 h2 46. axb7 h1=Q#) 40. b3 h3 41. a4 h2 42. Kg2 Qe2+ 43. Kg3 h1=Q (43... h1=B 44. Kf4 Kg7 45. Kg3 Qe3+ 46. Kh4 Kg6 47. b4 Bg2 48. Kg4 Qg5#) 44. Kf4 Qh6+ 45. Kg3 Qhh2#) 29. Rxe5 Rxh4 {[%emt 0:00:04] KRR-KRB} 30. Bf3 Rg8+ 31. Kf2 Rh2+ 32. Ke3 Rg3 33. Rf5 (33. Re8+ $142 Kg7 34. Kf4) 33... Rhh3 {[%emt 0:01:37][%cal Og3f3] ...Rxf3+! is the strong threat.} 34. Kf2 {[%emt 0:00:25] [#]} Rxf3+ $1 0-1

[Event "13th Palmanova Festival A 2024"]
[Site "Palmanova"]
[Date "2024.12.28"]
[Round "2.9"]
[White "Stankovic, Milos"]
[Black "Dolas, Aarush"]
[Result "1/2-1/2"]
[ECO "D00"]
[WhiteElo "2462"]
[BlackElo "2015"]
[Annotator "TA"]
[PlyCount "61"]
[EventDate "2024.12.27"]
[EventCountry "ITA"]
[SourceTitle "playchess.com"]
[Source "ChessBase"]
[SourceQuality "1"]
[TimeControl "6000+30"]

1. d4 Nf6 2. Bg5 d5 3. Bxf6 exf6 4. e3 g6 5. c4 dxc4 6. Bxc4 Bg7 7. Nc3 O-O 8. Nge2 f5 9. h4 c5 10. dxc5 Nd7 11. h5 Nxc5 12. hxg6 (12. O-O Be6 13. Bxe6 Nxe6 14. Qa4) 12... hxg6 13. Nf4 Be6 (13... Bxc3+ 14. bxc3 Qxd1+ 15. Rxd1 Kg7) 14. Nxe6 Nxe6 (14... Qxd1+ 15. Rxd1 Bxc3+ 16. Ke2 fxe6 17. bxc3 Rfd8) 15. Qb3 Nc5 $36 {[%emt 0:21:58][%mdl 2048] Black has the initiative.} 16. Qc2 Rc8 (16... Qa5 {simplifies} 17. O-O Bxc3 18. Qxc3 Qxc3 19. bxc3 Rad8) 17. g4 {[%emt 0:10:10] [#]} b5 $1 $17 (17... fxg4 $2 18. Qxg6 $18) 18. Rd1 Qa5 19. Bd5 b4 ({Stronger than} 19... fxg4 20. Qxg6) 20. gxf5 bxc3 21. b4 (21. fxg6 $142 cxb2+ 22. Kf1) 21... Qa4 $2 (21... Qxb4 $19 {has better winning chances.} 22. fxg6 Rfd8 23. gxf7+ Kf8) 22. Qxa4 Nxa4 23. fxg6 Rfd8 24. Bxf7+ Kf8 25. Rxd8+ Rxd8 26. Bb3 {[%emt 0:00:16] Dodges c2} Nb2 27. Rh5 Rd6 (27... Nd3+ $142 28. Kf1 Rd6 (28... Nxb4 29. Rf5+ Ke7 30. Rf7+ Kd6 31. Rxg7 $16)) 28. Rb5 Rxg6 29. Rb8+ Ke7 30. Rb7+ Kd8 {[%emt 0:00:10] and ...Be5 would now be decisive} 31. Ke2 1/2-1/2

[Event "13th Palmanova Festival A 2024"]
[Site "Palmanova"]
[Date "2024.12.28"]
[Round "2.10"]
[White "Gkoumas, Georgios"]
[Black "Candian, Lorenzo"]
[Result "1-0"]
[ECO "C70"]
[WhiteElo "2449"]
[BlackElo "2208"]
[Annotator "TA"]
[PlyCount "99"]
[EventDate "2024.12.27"]
[EventCountry "ITA"]
[SourceTitle "playchess.com"]
[Source "ChessBase"]
[SourceQuality "1"]
[TimeControl "6000+30"]

1. e4 e5 2. Nf3 Nc6 3. Bb5 a6 4. Ba4 g6 5. d4 b5 6. Bb3 exd4 7. a4 Bb7 8. O-O Bg7 9. axb5 axb5 10. Rxa8 Bxa8 11. Na3 Na5 12. Ba2 $1 Qb8 (12... b4 $11 {keeps the balance.} 13. Nb5 d6) 13. Nxd4 $16 b4 (13... Ne7 $16) 14. Nc4 $2 ({White has to play} 14. Nab5 $18) 14... Nxc4 $11 15. Bxc4 Nf6 16. e5 Qb7 17. Nf3 {[%emt 0:08:10] Active counter play!} (17. exf6 $2 Qxg2#) 17... Nd5 18. Qd4 {[%emt 0:04:29] With the idea Rd1.} O-O 19. Qg4 Nb6 20. Bd3 Na4 (20... b3 $15) 21. Re1 Nc5 22. Bc4 Re8 23. Rd1 Qc8 24. Be3 Ne6 25. h4 Bxf3 26. gxf3 Bxe5 27. f4 Bxb2 (27... h5 $6 28. Qf3 Bxb2 29. f5 $11) (27... f5 $1 $15 28. Qg2 Bxb2) 28. f5 $36 {[%emt 0:00:04][%mdl 2048] White is pushing.} Nf8 29. fxg6 hxg6 {[%emt 0:00:01] ...Re5 poses a challenge} 30. h5 {[%emt 0:00:05] [#]} (30. Qf3 $1 $11 Ne6 31. h5) 30... d5 $1 31. Qxc8 Rxc8 32. Rxd5 gxh5 (32... Kg7 $11 {deserves consideration.}) 33. Rg5+ $1 $14 Kh7 (33... Bg7 $2 34. Bd4 (34. Rxh5 Ne6 $11) 34... Ne6 35. Bxe6 (35. Rxh5 $2 Nxd4 36. Rc5 Bf6 $19) 35... fxe6 36. Rxg7+ (36. Bxg7 Kf7 $18) 36... Kf8 37. Rh7 $18) 34. Bxf7 Rd8 35. Bg8+ {[%emt 0:02:59] A strong pair of Bishops.} Kh8 36. Bc4 (36. Rxh5+ $2 Kxg8 37. Rg5+ Kf7 38. Rf5+ Ke6 $19) 36... Rd1+ 37. Kg2 {[%emt 0:00:12] aiming for Rg8+.} Nd7 38. Rxh5+ Kg7 39. Rb5 c5 40. f4 (40. Bxc5 $6 Nxc5 41. Rxc5 Rd2 $11) (40. Rb7 $142 Kf6 41. Bb5) 40... Bd4 (40... Rd6 $16) 41. Be2 $18 Re1 $2 (41... Bxe3 42. Bxd1 Nf6) 42. Bxd4+ cxd4 {[%emt 0:00:00][%mdl 4096] Endgame KRB-KRN} 43. Kf2 Rc1 44. Rb7 ({Inferior is} 44. Rxb4 Nc5 $11 (44... Rxc2 $2 {loses.} 45. Rb7 $18)) 44... Rxc2 45. Rxd7+ {[%emt 0:00:00] KRB-KR} Kf6 46. Rxd4 b3 47. Ke3 b2 48. Rd6+ Ke7 49. Rb6 Kd7 50. Kd3 1-0

[Event "13th Palmanova Festival A 2024"]
[Site "Palmanova"]
[Date "2024.12.28"]
[Round "2.12"]
[White "Di Benedetto, Edoardo"]
[Black "Zoncu, Roberto Alessio"]
[Result "1-0"]
[ECO "D05"]
[WhiteElo "2411"]
[BlackElo "2165"]
[Annotator "TA"]
[PlyCount "105"]
[EventDate "2024.12.27"]
[EventCountry "ITA"]
[SourceTitle "playchess.com"]
[Source "ChessBase"]
[SourceQuality "1"]
[TimeControl "6000+30"]

1. Nf3 Nf6 2. e3 e6 3. d4 b6 4. Bd3 Bb7 5. Nbd2 c5 6. O-O Be7 7. b3 O-O 8. Bb2 d5 9. Ne5 Nbd7 10. f4 cxd4 11. exd4 Ne4 12. Nxe4 dxe4 13. Bc4 Nf6 14. Qe2 Rc8 (14... a6 $11 15. a4 Ne8) 15. f5 $14 exf5 16. Rxf5 Ba3 17. c3 Bxb2 18. Qxb2 Nd5 19. Raf1 Rc7 20. Ng4 Qh4 21. h3 Rd7 (21... h5 $16) 22. Bxd5 (22. Qd2 $18) 22... Rxd5 $16 {[%emt 0:00:24] [#]} 23. R5f4 $1 Qe7 24. c4 Rg5 25. d5 Bc8 26. Qd4 {[%emt 0:00:49] White is more active.} h5 (26... Qa3 $16) 27. Rxe4 $18 (27. Qxe4 $2 {too greedy.} Qxe4 28. Rxe4 hxg4 $19) 27... Qd6 28. Re5 Qg6 29. Rxg5 $40 {[%emt 0:00:29][%mdl 128] Black is in trouble.} Qxg5 30. Qe3 Qxe3+ 31. Nxe3 {[%emt 0:00:02][%mdl 4096] Endgame KRB-KRN. White is a pawn up.} Re8 32. Kf2 f5 (32... g5 $142 33. c5 bxc5) 33. Nc2 Kf7 34. Nd4 Bd7 (34... g5 {is a better defense.} 35. Nb5 Kg6) 35. Nf3 Kf6 36. h4 Rc8 37. Ke3 Re8+ 38. Kf2 Rc8 $1 39. Re1 a5 40. Ke3 a4 41. Kd4 axb3 42. axb3 Ra8 43. b4 Ra4 44. Kc3 f4 45. Kb3 {[%emt 0:00:00] Prevents Ra3+.} Ra7 46. c5 bxc5 47. bxc5 Ra5 48. c6 Rxd5 49. cxd7 Rxd7 50. Re4 Kf5 51. Re5+ Kf6 52. Rxh5 Re7 53. Kc3 1-0

[Event "13th Palmanova Festival A 2024"]
[Site "Palmanova"]
[Date "2024.12.28"]
[Round "2.13"]
[White "Belli, Giorgio"]
[Black "Marn, Jan"]
[Result "1/2-1/2"]
[ECO "C95"]
[WhiteElo "2205"]
[BlackElo "2400"]
[Annotator "TA"]
[PlyCount "97"]
[EventDate "2024.12.27"]
[EventCountry "ITA"]
[SourceTitle "playchess.com"]
[Source "ChessBase"]
[SourceQuality "1"]
[TimeControl "6000+30"]

1. e4 e5 2. Nf3 Nc6 3. Bb5 a6 4. Ba4 Nf6 5. O-O Be7 6. Re1 b5 7. Bb3 d6 8. c3 O-O 9. h3 Nb8 10. d4 Nbd7 11. a4 Bb7 12. Nbd2 c5 13. d5 c4 14. Bc2 Re8 15. Nf1 Bf8 16. Ng3 g6 17. Nh2 Nc5 18. Bg5 {[%emt 0:09:03] next Ng4 is good for White.} h6 19. Be3 h5 20. Bg5 Be7 21. f4 h4 22. Ngf1 Nh5 23. Bxe7 Qxe7 24. f5 Qg5 25. Nf3 Qf4 (25... Qf6 $11) 26. N1h2 $2 (26. fxg6 $1 $14 fxg6 27. Qd2) 26... gxf5 $17 27. exf5 {[%emt 0:00:46][%cal Of3e5] [#]} e4 (27... Nf6 $1 28. Re2 Red8 (28... Bxd5 29. Ng4 $17)) 28. Nd4 Ng3 (28... Nf6 $17 {...Nd3 is the strong threat.} 29. Ng4 Nxg4 (29... Nxd5 30. Rf1 $11) 30. Qxg4+ Qxg4 31. hxg4 Bxd5) 29. Qg4+ $11 Qxg4 30. Nxg4 Kg7 {[%emt 0:00:27] Wards off Nf6} 31. Ne3 Nd3 32. Reb1 Rab8 (32... b4 $11 {keeps the balance.} 33. Nxc4 Re5 (33... Bxd5 34. Nb6 $11)) 33. axb5 $16 axb5 34. Nxb5 Red8 35. Nd4 {[%emt 0:02:34][%cal Oc2a4] Repels Ne2+} Ne5 ({Black should try} 35... Nf4 $14) 36. b4 cxb3 37. Rxb3 {[%emt 0:00:44] aiming for Rab1.} (37. Bxb3 $6 Rdc8 $11) 37... Ba8 38. Rxb8 Rxb8 39. Ra6 (39. Kf2 $16) 39... Rc8 (39... Kf6 $14) 40. Nb5 (40. Rxd6 Rxc3 41. Ng4 (41. f6+ $2 Kg6 $17) 41... Nxg4 42. hxg4 Rc4 $15) ({Better is} 40. Kf2 $16) 40... Rc5 $1 $11 41. Nxd6 Rxc3 42. f6+ (42. Nxe4 Rxe3 (42... Nxe4 43. f6+ Nxf6 44. Nf5+ Kg6 45. Nd4+ Rxc2 46. Nxc2 $17) 43. f6+ (43. Nxg3 $2 hxg3 44. f6+ Kh6 $19) 43... Kh6 44. Rxa8 Nxe4 45. Bxe4 Rxe4 $19) 42... Kh6 $1 43. Nef5+ (43. Nxe4 $2 {too greedy.} Rxe3 (43... Nxe4 44. Nf5+ Kg5 45. Bxe4 $11) 44. Rxa8 Nxe4 45. Rh8+ Kg5 46. Bxe4 Rxe4 $19) 43... Nxf5 $1 44. Nxf5+ Kg5 45. Bxe4 Bxd5 46. Bxd5 Kxf5 47. Ra4 Rc5 48. Ba2 Kg5 49. Kh2 1/2-1/2

[Event "13th Palmanova Festival A 2024"]
[Site "Palmanova"]
[Date "2024.12.28"]
[Round "2.14"]
[White "Mazzini, Mauro"]
[Black "Savanovic, Aleksandar"]
[Result "0-1"]
[ECO "C56"]
[WhiteElo "2069"]
[BlackElo "2354"]
[Annotator "TA"]
[PlyCount "40"]
[EventDate "2024.12.27"]
[EventCountry "ITA"]
[SourceTitle "playchess.com"]
[Source "ChessBase"]
[SourceQuality "1"]
[TimeControl "6000+30"]

1. e4 e5 2. Nf3 Nc6 3. d4 exd4 4. Bc4 Nf6 5. e5 d5 6. Bb5 Ne4 7. Nxd4 Bd7 8. Bxc6 bxc6 9. O-O Bc5 10. f3 Ng5 11. f4 Ne6 12. c3 f5 13. Be3 O-O 14. b4 (14. Nd2 $14) 14... Bxd4 $11 15. Bxd4 Qe7 16. Be3 a5 17. a3 axb4 18. cxb4 c5 19. bxc5 $2 {[%emt 0:04:21] [#]} (19. Bxc5 $15 Nxc5 20. Qxd5+ Ne6 21. Nc3) 19... d4 $1 $19 20. Bxd4 (20. Bd2 {is a better defense.} Bc6 (20... Qxc5 21. Bb4 $14) 21. Bb4) 20... Ba4 $1 ({Weaker is} 20... Nxc5 21. Be3 $16) 0-1